 Dungeon Crawl Stone Soup version 0.18.1-50-g88ac8fd (webtiles) character file.

24587 Amnesiac the Grand Gadgeteer (level 13, 0/86 HPs)
             Began as a Merfolk Fighter on Mar 8, 2018.
             Was the Champion of Pakellas.
             Killed from afar by a molten gargoyle (32 damage)
             ... with a bolt of magma
             ... in a volcano.
             The game lasted 00:58:30 (17590 turns).

Amnesiac the Grand Gadgeteer (Merfolk Fighter)     Turns: 17590, Time: 00:58:31

Health: 0/86       AC: 20    Str: 21    XL:     13   Next: 14%
Magic:  13/23      EV:  3    Int:  7    God:    Pakellas [******]
Gold:   1019       SH: 14    Dex: 14    Spells: 1 memorised, 11 levels left

rFire  . . .     SeeInvis .     b - +10 iron rod (0/18)
rCold  . . .     Gourm    +     q - +4 plate armour {rPois}
rNeg   . . .     Faith    .     n - +0 large shield
rPois  +         Spirit   .     S - +2 helmet
rElec  .         Dismiss  .     D - +0 cloak
rCorr  +         Reflect  .     (no gloves)
SustAt .         Harm     .     T - +0 pair of boots
MR     .....     Clarity  +     e - amulet of the gourmand
Stlth  ..........               O - ring of flight
                                P - ring of resist corrosion

@: not resistant to hostile enchantments, extremely unstealthy
A: change form in water, swift swim, repulsion field 1, clarity, low mp 1
a: Quick Charge, Device Surge, Renounce Religion, Evoke Flight


You were in a volcano.
You worshipped Pakellas.
Pakellas was exalted by your worship.
You were not hungry.

You visited 3 branches of the dungeon, and saw 14 of its levels.
You also visited: Ice Cave and Volcano.

You collected 1019 gold pieces.

Inventory:

Hand Weapons
 a - a +3 short sword of speed
 w - a +0 blowgun
Missiles
 h - 8 curare-tipped needles
 u - 58 poisoned needles
 y - 4 throwing nets (quivered)
Armour
 n - a +0 large shield (worn)
 o - a +2 ring mail of magic resistance
 q - a +4 plate armour of poison resistance (worn)
 D - a +0 cloak (worn)
 S - a +2 helmet (worn)
 T - a +0 pair of boots (worn)
Magical Staves
 p - an uncursed staff of air
Rods
 b - a +10 iron rod (0/18) (in hand)
   (Pakellas gifted it to you on level 8 of the Dungeon)
Jewellery
 e - an amulet of the gourmand (around neck)
 O - a ring of flight (right hand)
 P - a ring of resist corrosion (left hand)
Wands
 g - a wand of confusion (1/48)
 G - a wand of digging (3/24)
 J - a wand of iceblast (13/15)
 L - a wand of teleportation (6/9)
Scrolls
 k - 5 scrolls of blinking {!r}
 s - 2 scrolls of enchant weapon {!r}
 t - 6 scrolls of teleportation {!r}
 C - a scroll of identify {!r}
 I - a scroll of recharging {!r}
Potions
 d - 3 potions of might {!q}
 f - a potion of ambrosia {!q}
 l - 2 potions of lignification {!q}
 v - 6 potions of heal wounds {!q}
 z - 3 potions of invisibility {!q}
 A - a potion of mutation {!q}
 B - a potion of flight {!q}
 F - 2 potions of magic {!q}
 M - a potion of haste {!q}
 N - a potion of resistance {!q}
Miscellaneous
 j - a phantom mirror
 x - a stone of tremors
 E - a box of beasts {used: 2}
Comestibles
 i - 4 meat rations
 m - 4 bread rations
 H - 3 royal jellies


   Skills:
 - Level 3.2 Fighting
 - Level 8.0 Short Blades
 - Level 2.1 Armour
 - Level 3.0 Shields
 + Level 19.1 Evocations


You had 11 spell levels left.
You knew the following spells:

 Your Spells              Type           Power        Failure   Level  Hunger
a - Animate Skeleton      Necr           N/A          100%        1    ##.....


Dungeon Overview and Level Annotations

Branches:
Dungeon (11/15)            Temple (1/1) D:4            Lair (0/8) D:9
    Orc (2/2) D:11
    Elf: Orc:2

Altars:
Ashenzari
Cheibriados
Dithmenos
Elyvilon
Fedhas
Gozag
Kikubaaqudgha
Makhleb
Nemelex Xobeh
Okawaru
Pakellas
Qazlal
Ru
Sif Muna
Trog
Vehumet
Xom
Yredelemnul
Zin
The Shining One
Jiyva

Shops:
D:4 }   D:5 %   D:6 =   Orc:1 [


Innate Abilities, Weirdness & Mutations

You revert to your normal form in water.
You are very nimble and swift while swimming.
You are surrounded by a mild repulsion field (EV +2).
You possess an exceptional clarity of mind.
Your magical capacity is low (-10% MP).


Message History

There is a rock-blocked tunnel here.
You start resting.
The air gets thick with the scent of sulphur.
A fire vortex comes into view.
A fire vortex is nearby!
A fire vortex is nearby!
In the distance, the volcano erupts with a roar.
There is a rocky tunnel leading out of this place here.
You start resting.
Your iron rod has recharged.
You start resting.
HP restored.
You start resting.
You are near starving!
You start resting.
The air gets thick with the scent of sulphur.
All of the chunks of flesh in your inventory have rotted away.
Eat which item? (? for menu, Esc to quit)
You continue eating.
In the distance, the volcano erupts with a roar.
You continue eating.
You finish eating.
That royal jelly was delicious!
Eat which item? (? for menu, Esc to quit)
You continue eating.
HP restored.
You continue eating.
You finish eating.
That royal jelly was delicious!
Eat which item? (? for menu, Esc to quit)
You continue eating. x2
You finish eating.
That royal jelly was delicious!
A toenail golem comes into view.
Found 26 gold pieces.
Found a hand crossbow and a leather armour of fire resistance.
Found three items.
Aiming: Scattershot
Press: ? - help, Shift-Dir - straight line, f - toenail golem
Aim: a toenail golem The burst of metal fragments hits the toenail golem. x9
You destroy the toenail golem!
You feel your power returning.
A molten gargoyle and an ugly thing come into view.
Aiming: Scattershot
Press: ? - help, Shift-Dir - straight line, f - molten gargoyle
Aim: a molten gargoyle, wielding a flail The burst of metal fragments hits the red ugly thing. x7
You kill the red ugly thing!
Pakellas accepts your kill.
The burst of metal fragments hits the molten gargoyle. x4
The molten gargoyle blasts magma at you!
The bolt of magma hits you!
The molten gargoyle blasts magma at you!
The bolt of magma hits you!
* * * LOW HITPOINT WARNING * * *
Found a rocky tunnel leading out of this place.
You see here an ugly thing corpse.
Aiming: Scattershot
Press: ? - help, Shift-Dir - straight line, f/p - molten gargoyle
Aim: a molten gargoyle, wielding a flail The burst of metal fragments hits the molten gargoyle. x10
The molten gargoyle is almost destroyed.
The molten gargoyle blasts magma at you!
The bolt of magma hits you!
You die...
Pakellas says: Time to start the next experiment...

###§ ##§§§§###
#§≈§≈§≈≈## #
#§§≈≈§§≈≈### #
#§[))≈≈≈≈§## #
§§).?≈≈≈≈≈§# #
#§.$$9≈≈≈≈§##
#@.≈≈≈§§# ###
#.≈#############.#
##..#####.........
###........§§≈§≈§
###....≈§§§≈§≈§
##...≈§§≈≈≈§§
#.....≈§≈≈≈≈§
##.....≈≈≈§§§
###...≈§≈≈§≈


You could see a molten gargoyle.

Vanquished Creatures
  Maud (D:11)
  Snorg (D:11)
  Erolcha (Orc:1)
  A hydra (D:11)
  Nergalle (D:11)
  5 hill giants
  Pikel (D:8)
  An orc sorcerer (Orc:1)
  An oklob plant (D:7)
  An ugly thing (Volcano)
  A cyclops (D:11)
  Maurice (D:8)
  A toenail golem (Volcano)
  3 ice statues (IceCv)
  A komodo dragon (D:10)
  A queen bee (D:8)
  3 trolls
  A slime creature (D:10)
  Prince Ribbit (D:8)
  Grinder (D:3)
  A shadow (D:11)
  A wraith (D:10)
  A wyvern (D:8)
  3 hungry ghosts
  12 yaks
  A hippogriff (D:8)
  Grum (D:8)
  6 swamp worms (D:8)
  2 wargs (D:9)
  Edmund (D:5)
  3 water moccasins
  10 ice beasts
  12 orc warriors
  3 sky beasts (D:5)
  4 slaves
  2 black bears
  10 ogres
  10 centaurs
  3 phantoms
  A wolf (D:8)
  2 necrophages
  A big kobold (D:9)
  6 giant frogs
  A gnoll sergeant (D:9)
  A wyvern zombie (D:9)
  2 scorpions
  17 killer bees (D:8)
  3 vampire bats (D:5)
  A howler monkey (D:5)
  4 crimson imps
  A giant frog zombie (D:10)
  A quasit (D:6)
  12 orc priests
  6 hounds
  A giant frog skeleton (D:6)
  9 jellies
  17 orc wizards
  3 iguanas
  4 worker ants
  2 sheep (D:11)
  2 killer bee zombies
  A howler monkey skeleton (D:3)
  2 worker ant zombies
  8 adders
  10 gnolls
  2 shadow imps
  12 white imps (D:11)
  4 oozes
  An adder zombie (D:7)
  2 adder skeletons
  18 worms
  3 dart slugs (D:1)
  5 giant geckos
  51 orcs
  4 ball pythons
  9 giant cockroaches
  8 goblins
  14 hobgoblins
  17 jackals
  11 kobolds
  3 quokkas
  14 bats
  10 giant newts
  A jackal skeleton (D:5)
  A quokka skeleton (D:7)
  7 rats
429 creatures vanquished.

Vanquished Creatures (collateral kills)
  An orc warrior (D:11)
  A black bear (D:9)
  A wolf (D:8)
  A giant frog (D:9)
  9 killer bees (D:8)
  A giant frog zombie (D:8)
  4 jellies (D:7)
  2 orc priests
  2 orc wizards (D:9)
  An iguana (D:9)
  An adder (D:4)
  9 oozes (D:7)
  A worm (D:8)
  3 orcs
37 creatures vanquished.

Vanquished Creatures (others)
  An orc (D:11)
  2 fungi (D:7)
  4 plants (D:8)
7 creatures vanquished.

Grand Total: 473 creatures vanquished

Notes
Turn   | Place    | Note
--------------------------------------------------------------
     0 | D:1      | Amnesiac the Merfolk Fighter began the quest for the Orb.
     0 | D:1      | Reached XP level 1. HP: 18/18 MP: 1/1
   130 | D:2      | Reached XP level 2. HP: 22/24 MP: 2/2
   253 | D:2      | Found a deep blue altar of Sif Muna.
   255 | D:2      | Found an ancient bone altar of Kikubaaqudgha.
   255 | D:2      | Found a radiant altar of Vehumet.
   258 | D:2      | Identified Kikubaaqudgha's Incunabulum of Black Rituals
   266 | D:2      | Learned a level 1 spell: Animate Skeleton
   359 | D:3      | Reached XP level 3. HP: 26/29 MP: 3/3
   367 | D:3      | Found a shadowy altar of Dithmenos.
   905 | D:3      | Reached skill level 5 in Short Blades
   905 | D:3      | Reached XP level 4. HP: 20/35 MP: 4/4
  1364 | D:4      | Reached skill level 1 in Evocations
  1385 | D:4      | Reached XP level 5. HP: 17/41 MP: 4/6
  1606 | D:4      | Reached skill level 2 in Evocations
  1728 | D:4      | Reached skill level 3 in Evocations
  1803 | D:3      | HP: 2/41 [poisoned by a scorpion]
  2231 | D:4      | Noticed a black bear
  2241 | D:4      | Killed a black bear
  2241 | D:4      | Reached skill level 4 in Evocations
  2241 | D:4      | Reached XP level 6. HP: 47/47 MP: 7/9
  2257 | D:4      | Found Regak's Gadget Emporium.
  2698 | D:4      | Noticed a hungry ghost
  2745 | D:4      | Paralysed by fainting for 12 turns
  2767 | D:4      | Killed a hungry ghost
  2767 | D:4      | Reached skill level 5 in Evocations
  2767 | D:4      | Reached XP level 7. HP: 36/52 MP: 9/11
  2866 | D:4      | Found a staircase to the Ecumenical Temple.
  2883 | Temple   | Entered the Ecumenical Temple
  3024 | Temple   | Became a worshipper of Pakellas the Inventive
  3819 | D:1      | Reached * piety under Pakellas
  3819 | D:1      | Received a gift from Pakellas
  4162 | D:2      | Reached skill level 6 in Evocations
  5036 | D:3      | Reached ** piety under Pakellas
  5036 | D:3      | Received a gift from Pakellas
  5182 | D:3      | Noticed Grinder
  5199 | D:3      | Killed Grinder
  5388 | D:3      | Reached XP level 8. HP: 47/58 MP: 12/12
  6131 | D:5      | Entered Level 5 of the Dungeon
  6161 | D:5      | Found Guece Deg's Food Shop.
  6161 | D:5      | Noticed Edmund
  6209 | D:5      | Killed Edmund
  6209 | D:5      | Reached skill level 7 in Evocations
  6484 | D:5      | Reached skill level 8 in Evocations
  6536 | D:5      | Found a bloodstained altar of Trog.
  6536 | D:5      | Found a white marble altar of Elyvilon.
  6538 | D:5      | Found a shimmering altar of Xom.
  6538 | D:5      | Found an opulent altar of Gozag.
  6538 | D:5      | Found a shattered altar of Ashenzari.
  6538 | D:5      | Found a blossoming altar of Fedhas.
  6538 | D:5      | Found a glowing golden altar of the Shining One.
  6539 | D:5      | Found a stormy altar of Qazlal.
  6812 | D:5      | Gained mutation: You are surrounded by a mild repulsion field (EV +2). [mutagenic meat]
  6813 | D:5      | Gained mutation: Your magical capacity is low (-10% MP). [mutagenic meat]
  6815 | D:5      | Gained mutation: You possess an exceptional clarity of mind. [mutagenic meat]
  6855 | D:5      | Reached skill level 9 in Evocations
  6855 | D:5      | Reached XP level 9. HP: 59/64 MP: 7/14
  6972 | D:5      | Reached *** piety under Pakellas
  6972 | D:5      | Received a gift from Pakellas
  7042 | D:5      | Noticed a troll
  7060 | D:5      | Killed a troll
  7060 | D:5      | Reached skill level 10 in Evocations
  7452 | D:6      | Found Mukhipn's Jewellery Boutique.
  7453 | D:6      | Got a distressingly furry leather armour
  7473 | D:6      | Identified the cursed +1 leather armour "Geoxkud" {Int+2} (You found it on level 6 of the Dungeon)
  8195 | D:7      | Found a basalt altar of Yredelemnul.
  8296 | D:7      | Reached skill level 11 in Evocations
  8365 | D:7      | Reached **** piety under Pakellas
  8365 | D:7      | Received a gift from Pakellas
  8582 | D:7      | Noticed an oklob plant
  8608 | D:7      | Reached XP level 10. HP: 41/70 MP: 17/17
  8629 | D:7      | Reached skill level 12 in Evocations
  8952 | D:7      | Killed an oklob plant
  9235 | D:8      | Noticed Prince Ribbit
  9275 | D:8      | Killed Prince Ribbit
  9366 | D:8      | Reached ***** piety under Pakellas
  9366 | D:8      | Received a gift from Pakellas
  9597 | D:8      | Noticed Grum
  9607 | D:8      | Killed Grum
  9626 | D:8      | Reached skill level 13 in Evocations
  9639 | D:8      | HP: 2/70 [orc priest/divine providence (15)]
 10269 | D:8      | Noticed Pikel
 10289 | D:8      | Killed Pikel
 10289 | D:8      | Reached skill level 14 in Evocations
 10505 | D:8      | Reached XP level 11. HP: 67/75 MP: 6/19
 10722 | D:8      | Noticed Maurice
 10726 | D:8      | Killed Maurice
 11376 | D:9      | Reached skill level 15 in Evocations
 11610 | D:9      | Found a staircase to the Lair.
 11681 | D:9      | Reached ****** piety under Pakellas
 13107 | D:10     | Entered Level 10 of the Dungeon
 13389 | D:10     | Found a viscous altar of Jiyva.
 13488 | D:10     | Noticed a hill giant
 13512 | D:10     | Killed a hill giant
 13512 | D:10     | Reached skill level 16 in Evocations
 14265 | D:10     | Identified a +10 iron rod (18/18) (supercharged by Pakellas)
 14740 | D:11     | Noticed Nergalle
 14745 | D:11     | Killed Nergalle
 14745 | D:11     | Reached XP level 12. HP: 78/81 MP: 6/21
 14882 | D:11     | Noticed Snorg
 14908 | D:11     | Killed Snorg
 14908 | D:11     | Reached skill level 17 in Evocations
 15035 | D:11     | Noticed a four-headed hydra
 15039 | D:11     | Killed a four-headed hydra
 15044 | D:11     | Noticed Maud
 15132 | D:11     | Killed Maud
 15220 | D:11     | Found a staircase to the Orcish Mines.
 15331 | D:11     | Reached skill level 18 in Evocations
 15486 | D:11     | Found a frozen archway.
 15497 | IceCv    | Entered an ice cave
 16936 | Orc:1    | Entered Level 1 of the Orcish Mines
 16936 | Orc:1    | Found Pitinar's Antique Armour Shop.
 16976 | Orc:1    | Noticed Erolcha
 16987 | Orc:1    | Killed Erolcha
 16987 | Orc:1    | Reached XP level 13. HP: 86/86 MP: 20/23
 17291 | Orc:2    | Entered Level 2 of the Orcish Mines
 17379 | Orc:1    | Reached skill level 19 in Evocations
 17380 | Orc:1    | Found a dark tunnel.
 17397 | Volcano  | Entered a volcano
 17590 | Volcano  | Killed from afar by a molten gargoyle

Skill      XL: |  1  2  3  4  5  6  7  8  9 10 11 12 13 |
---------------+----------------------------------------+-----
Short Blades   | 3 4 5 7 8 |  8.0
Evocations     | 1 4 5 6 9 11 14 16 18 19 | 19.1
Fighting       | |  3.2
Armour         | |  2.1
Shields        | |  3.0

Action                   |  1- 3 |  4- 6 |  7- 9 | 10-12 | 13-15 || total
-------------------------+-------+-------+-------+-------+-------++-------
Melee: Rapier            |   115 |   167 |   330 |       |       ||   612
       Short sword       |       |       |   517 |   777 |       ||  1294
       Dagger            |       |       |    15 |       |       ||    15
       Tailslap          |       |       |       |     1 |       ||     1
       Spear             |       |       |       |    17 |       ||    17
Invok: Quick Charge      |       |       |     1 |    10 |     1 ||    12
       Supercharge       |       |       |       |     1 |       ||     1
Evoke: Wand              |       |    15 |    35 |    71 |    18 ||   139
       Stone of tremors  |       |       |     1 |     1 |       ||     2
       Rod               |       |       |       |    72 |     9 ||    81
       Box of beasts     |       |       |       |     2 |       ||     2
  Use: Scroll            |       |     2 |    12 |     5 |       ||    19
       Potion            |       |     2 |       |     5 |       ||     7
 Stab: Confused          |       |     8 |    31 |    33 |       ||    72
  Eat: Chunk             |       |     5 |    42 |    49 |     1 ||    97
       Pizza             |       |     1 |       |     2 |       ||     3
       Bread ration      |       |     1 |       |       |       ||     1
       Royal jelly       |       |       |       |     1 |     3 ||     4
       Beef jerky        |       |       |       |     1 |       ||     1
Armor: Scale mail        |    53 |    54 |   114 |       |       ||   221
       Chain mail        |       |       |   135 |   296 |       ||   431
       Leather armour    |       |       |     4 |       |       ||     4
       Plate armour      |       |       |       |     9 |    14 ||    23
Dodge: Dodged            |    29 |    37 |   140 |   151 |     3 ||   360
Block: Shield            |    37 |    57 |   233 |   305 |       ||   632
       Large shield      |       |       |       |     8 |    21 ||    29
